 Dungeon Crawl Stone Soup version 0.32-a0-30-gefbe487952 (webtiles) character file.

Game seed: 13410576166158835315

98 Malachi the Firebug (level 4, -2/49 HPs)
             Began as a Demigod Fire Elementalist on Jan 19, 2024.
             Constricted to death by Ijyb (6 damage)
             ... on level 3 of the Dungeon.
             The game lasted 00:02:33 (1863 turns).

Malachi the Firebug (Demigod Fire Elementalist)     Turns: 1863, Time: 00:02:34

Health: -2/49      AC: 22    Str:  9    XL:     4   Next: 20%
Magic:  10/10      EV: -1    Int: 21    God:
Gold:   39         SH:  0    Dex: 14    Spells: 5/8 levels left

rFire   . . .        e - +0 long sword
rCold   + . .        (no shield)
rNeg    . . .        a - melded +0 robe
rPois   +            (helmet currently unavailable)
rElec   .            (cloak currently unavailable)
rCorr   .            c - melded +0 pair of gloves
SInv    .            (boots currently unavailable)
Will    .....        (no amulet)
Stlth   ++           h - ring of protection from cold
HPRegen 0.28/turn    m - ring of flight
MPRegen 0.12/turn

%: no passive effects
@: mighty, tree-form, grasped by roots, constricted
A: stationary, stasis, torment immunity, boosted hp, high MP 1, forlorn, divine
attributes
a: no special abilities


You were on level 3 of the Dungeon.
You were a tree.
You visited 1 branch of the dungeon, and saw 3 of its levels.

You collected 39 gold pieces.

Inventory:

Hand Weapons
 e - a +0 long sword (weapon)
Armour
 a - a +0 robe (melded)
 c - a +0 pair of gloves (melded)
Magical Staves
 o - a staff of earth
Jewellery
 h - a ring of protection from cold (left branch)
 m - a ring of flight (right branch)
Talismans
 p - a beast talisman
Scrolls
 d - a scroll of summoning {unknown}
 f - a scroll of revelation {unknown}
 i - 2 scrolls of teleportation {unknown}
 j - a scroll of identify {unknown}
 n - a scroll of amnesia {unknown}
Potions
 l - a potion of mutation {unknown}


   Skills:
 - Level 1.8 Dodging
 - Level 1.8 Stealth
 + Level 2.7 Spellcasting
 + Level 2.2 Conjurations
 + Level 3.5 Fire Magic


You had 5 spell levels left.
You knew the following spells:

 Your Spells              Type           Power      Damage    Failure   Level
a - Foxfire               Conj/Fire      56%        2x1d6     4%          1
b - Scorch                Fire           34%        2d6       4%          2

Your spell library contained the following spells:

 Spells                   Type           Power      Damage    Failure   Level
 Inner Flame              Hex/Fire       10%        N/A       21%         3
 Volatile Blastmotes      Fire/Tloc      20%        2d11      21%         3
 Flame Wave               Conj/Fire      14%        2d6       38%         4


Dungeon Overview and Level Annotations

Branches:
Dungeon (3/15)

Shops:
D:2 :

Annotations:
D:3 Ijyb


Innate Abilities, Weirdness & Mutations

You are a tree.
Your roots penetrate the ground, keeping you stationary.
You cannot be teleported.
You are immune to unholy pain and torment.
Your maximum health is greatly increased.
Your equipment is partially melded.
You have an increased reservoir of magic. (+10% MP)
You shall have no god before yourself.
Your divine heritage dramatically boosts your attributes as you level up.


Message History

Flames lash Ijyb.
Ijyb is moderately wounded.
Ijyb's fire resistance burns away.
Ijyb zaps a wand.
The roots erupt in riotous growth!
The grasping roots grab you!
Ijyb is unaffected.
The grasping roots constrict you.
You don't have enough magic to cast this spell.
Unknown command.
Unknown command.
You don't have enough magic to cast this spell.
Unknown command.
Unknown command.
You barely miss Ijyb.
Ijyb is moderately wounded.
Ijyb hits you with a +0 dagger. The grasping roots constrict you!
Ijyb barely misses you. The grasping roots constrict you.
You are too injured to fight recklessly!
You are too injured to fight recklessly!
You hit Ijyb but do no damage.
Ijyb is moderately wounded.
Ijyb hits you with a +0 dagger.
* * * LOW HITPOINT WARNING * * *
The grasping roots constrict you.
* * * LOW HITPOINT WARNING * * *
The grasping roots release their grip on you.
It was a potion of lignification.
You turn into a tree.
Your +0 pair of gloves melds into your body.
Your +0 robe melds into your body.
Your roots penetrate the ground.
Ijyb zaps a wand.
The roots erupt in riotous growth!
The grasping roots grab you!
Ijyb is unaffected.
The grasping roots constrict you. Magic courses through your body.
Ijyb is no longer more vulnerable to fire.
Ijyb screams, "Level is mine!
All mine!"
Ijyb hits you but does no damage. The grasping roots constrict you.
* * * LOW HITPOINT WARNING * * *
It was a potion of might.
You feel very mighty all of a sudden. Ijyb hits you but does no damage.
The grasping roots constrict you.
You die...

#.#.# #
#.#.####.######
#.#.....# ...
#####.#.._.##
...
...)).......#
...
#####.######.#
#.# ##.## #.#
##...# #g#
#....# #♣#
#....# #†#
#.#### #.# #.#
#######.# #.#
#.......# ###.#
#.#######
....### #.#
....[># #.#
#####.####>#


You could see Ijyb.

Vanquished Creatures
  2 gnolls (D:1)
  4 adders
  5 orcs
  3 bats
  5 endoplasms
  5 giant cockroaches
  3 hobgoblins (D:1)
  2 kobolds
  2 ball pythons (D:1)
  3 frilled lizards
  5 rats
39 creatures vanquished.

Vanquished Creatures (others)
  12 foxfires (D:1)
12 creatures vanquished.

Grand Total: 51 creatures vanquished

Notes
Turn   | Place    | Note
-------+----------+-------------------------------------------
     0 | D:1      | Malachi the Demigod Fire Elementalist began the quest for
                  | the Orb.
     0 | D:1      | Reached XP level 1. HP: 14/14 MP: 5/5
   128 | D:1      | Reached skill level 1 in Conjurations
   246 | D:1      | Reached XP level 2. HP: 20/20 MP: 7/7
   373 | D:1      | Reached skill level 3 in Fire Magic
   573 | D:1      | Reached XP level 3. HP: 23/26 MP: 9/9
  1061 | D:2      | Learned a level 2 spell: Scorch
  1240 | D:2      | Found Tojudafu's Book Shop.
  1768 | D:3      | Reached XP level 4. HP: 33/33 MP: 10/10
  1850 | D:3      | Noticed Ijyb
  1863 | D:3      | Constricted to death by Ijyb

Illustrated notes

Levels and vault maps discovered:
D:1:      minmay_arrival_five_plusses, layout_loops_corners,
          basic_ecumenical_altar, minmay_stone_trees_medium, minmay_pentomino_r2
D:2:      layout_loops_ring, serial_shops, shop_fountains
D:3:      layout_loops_ring, mainiacjoe_overflow_concentric_impassable,
          cheibriados_altar_1, chequers_jeans, uniq_terence, uniq_sigmund,
          uniq_ijyb

Skill      XL: |  1  2  3 |
---------------+----------+-----
Conjurations   | 1 2 |  2.2
Spellcasting   | 2 |  2.7
Fire Magic     | 3 |  3.5
Dodging        | |  1.8
Stealth        | |  1.8

Action                     |  1- 3 |  4- 6 || total
---------------------------+-------+-------++-------
  Melee: Long sword        |    70 |    11 ||    81
         Unarmed           |     2 |       ||     2
   Cast: Foxfire           |     6 |       ||     6
         Scorch            |     8 |     5 ||    13
    Use: Potion            |       |     3 ||     3
   Stab: Sleeping          |     4 |       ||     4
         Distracted        |     1 |       ||     1
 Armour: Robe              |    36 |     9 ||    45
         Skin              |       |     2 ||     2
  Dodge: Dodged            |    51 |     7 ||    58

Table legend: (Time is in decaauts)
 A = Elapsed time spent in this place.
 B = Non-inter-level travel time spent in this place.
 C = Inter-level travel time spent in this place.
 D = Time resting spent in this place.
 E = Time spent auto-exploring this place.
 F = Levels seen in this place.
 G = Mean time per level.
                   A        B        C        D        E       F      G
               +--------+--------+--------+--------+--------+-----+--------+
         Total |   1893 |   1814 |     79 |      0 |   1484 |   3 |  631.0 |
       Dungeon |   1893 |   1814 |     79 |      0 |   1484 |   3 |  631.0 |
               +--------+--------+--------+--------+--------+-----+--------+

Top non-repeatable levels by time:
     D:1: 929 daAuts
     D:2: 856 daAuts
     D:3: 107 daAuts
